 Dungeon Crawl Stone Soup version 0.31-a0-1074-g0b22e4e0f1 (webtiles) character file.

Game seed: 8805133711796214129

19 olourkin the Trooper (level 2, 27/27 HPs)
             Began as a Minotaur Fighter on Dec 2, 2023.
             Quit the game on level 1 of the Dungeon.
             The game lasted 00:01:18 (730 turns).

olourkin the Trooper (Minotaur Fighter)              Turns: 730, Time: 00:01:19

Health: 27/27      AC:  7    Str: 20    XL:     2   Next: 55%
Magic:  1/1        EV:  9    Int:  5    God:
Gold:   39         SH:  4    Dex:  9    Spells: 1/1 levels left

rFire   . . .        a - +0 war axe
rCold   . . .        c - +0 buckler
rNeg    . . .        b - +0 scale mail
rPois   .            (helmet restricted)
rElec   .            (no cloak)
rCorr   .            (no gloves)
SInv    .            (no boots)
Will    .....        (no amulet) Stlth
                     (no ring)
HPRegen 0.24/turn    (no ring)
MPRegen 0.07/turn

%: no passive effects
@: no status effects
A: horns 2, retaliatory headbutt
a: no special abilities


You were on level 1 of the Dungeon.
You visited 1 branch of the dungeon, and saw 1 of its levels.

You collected 39 gold pieces.

Inventory:

Hand Weapons
 a - a +0 war axe (weapon)
Missiles
 f - 4 stones
 i - 4 poisoned darts
Armour
 b - a +0 scale mail (worn)
 c - a +0 buckler (worn)
Scrolls
 e - a scroll of immolation {unknown}
 h - a scroll of vulnerability {unknown}
 k - a scroll of identify {unknown}
Potions
 d - a potion of might
 g - a potion of invisibility {unknown}
 j - 2 potions of berserk rage {unknown}


   Skills:
 + Level 3.9 Fighting
 * Level 3.1 Axes
 + Level 3.9 Armour
 + Level 3.9 Shields


You had one spell level left.
You didn't know any spells.
Your spell library was empty.

Dungeon Overview and Level Annotations

Branches:
Dungeon (1/15)

Altars:


Innate Abilities, Weirdness & Mutations

You have a pair of horns on your head.
You reflexively headbutt those who attack you in melee.


Message History

You closely miss the hobgoblin. The hobgoblin barely misses you.
The hobgoblin hits you.
You closely miss the hobgoblin.
The hobgoblin hits you but does no damage.
You slash the hobgoblin!
You kill the hobgoblin!
Found a hand axe.
You see here a +0 hand axe.
There is an open door here.
A giant cockroach comes into view.
The giant cockroach bites you but does no damage.
You closely miss the giant cockroach.
Your headbutt misses the giant cockroach.
The giant cockroach closely misses you.
You hit the giant cockroach.
You kill the giant cockroach!
A ball python comes into view.
A ball python is nearby!
You barely miss the ball python. The ball python bites you.
The ball python grabs you. The ball python constricts you.
You closely miss the ball python.
The ball python bites you but does no damage.
The ball python constricts you. The ball python barely misses you.
The ball python constricts you.
You hit the ball python.
The ball python is moderately wounded.
The ball python bites you but does no damage.
The ball python constricts you.
The ball python bites you but does no damage.
The ball python constricts you.
You closely miss the ball python.
The ball python bites you but does no damage.
The ball python constricts you.
You slash the ball python!
You kill the ball python!
You see here a ball python corpse.
Done exploring.
Done exploring.
Done exploring.
Are you sure you want to abandon this character and quit the game? (Confirm with "yes".)

.#
##.###.###
.#
#.......#
.#
#######.#.#
.###
#.......#.#
...#
#.#######.#
##.# #.#
#.# ...#
#.# #.#
####
#.#######.#
#@........#
###########


There were no monsters in sight!

Vanquished Creatures
  A ball python (D:1)
  4 endoplasms (D:1)
  A giant cockroach (D:1)
  4 goblins (D:1)
  2 hobgoblins (D:1)
  2 bats (D:1)
  A frilled lizard (D:1)
  A kobold (D:1)
16 creatures vanquished.

Notes
Turn   | Place    | Note
-------+----------+-------------------------------------------
     0 | D:1      | olourkin the Minotaur Fighter began the quest for the Orb.
     0 | D:1      | Reached XP level 1. HP: 19/19 MP: 0/0
   301 | D:1      | Reached XP level 2. HP: 27/27 MP: 1/1
   730 | D:1      | Quit the game

Illustrated notes

Levels and vault maps discovered:
D:1:      minmay_arrival_cross, layout_basic

Skill      XL: |  1  2 |
---------------+-------+-----
Axes           | 3 |  3.1
Fighting       | |  3.9
Armour         | |  3.9
Shields        | |  3.9

Action                     || total
---------------------------++-------
  Melee: War axe           ||    30
         Headbutt          ||     3
 Armour: Scale mail        ||    15
  Dodge: Dodged            ||     7
  Block: Buckler           ||     2

Table legend: (Time is in decaauts)
 A = Elapsed time spent in this place.
 B = Non-inter-level travel time spent in this place.
 C = Inter-level travel time spent in this place.
 D = Time resting spent in this place.
 E = Time spent auto-exploring this place.
 F = Levels seen in this place.
 G = Mean time per level.
                   A        B        C        D        E       F      G
               +--------+--------+--------+--------+--------+-----+--------+
         Total |    741 |    741 |      0 |     22 |    589 |   1 |  741.0 |
       Dungeon |    741 |    741 |      0 |     22 |    589 |   1 |  741.0 |
               +--------+--------+--------+--------+--------+-----+--------+

Top non-repeatable levels by time:
     D:1: 741 daAuts
